Warning! The script has encountered some errors when parsing the replay. Please report them to the . » details
0x00, prev: 0x16: 16 02 01 00 01 5B 00 00 DA 82 0F 00 [00] 00 00 00 00 00 00 00 00 00 00 00 00 00 00 00 00 00 00 00 00 00 00 00 0F 00
0x00, prev: 0x00: 16 02 01 00 01 5B 00 00 DA 82 0F 00 00 00 00 00 00 00 00 00 00 00 00 00 00 00 00 00 00 00 00 00 00 00 [00] 00 0F 00
0x00, prev: 0x05: 16 02 01 00 76 45 00 00 90 C4 00 00 00 00 00 00 00 00 00 00 00 00 00 00 00 00 00 00 00 00 00 00 00 00 00 00 05 [00]
0x0D, prev: 0x00: 16 02 01 00 C8 42 00 00 15 0C 03 00 00 00 00 00 00 00 00 00 00 00 00 00 00 00 00 00 00 00 00 00 00 00 00 00 [0D] 00 03 1F 00 12 18 00 03 00 0D 00 FF FF FF FF FF FF FF FF 8F C2 D1 45 FB 33 8A C5 FF FF FF FF FF FF FF FF
0x0E, prev: 0x00: 16 02 01 00 01 59 00 00 7E E3 03 00 00 00 00 00 00 00 00 00 00 00 00 00 00 00 00 00 00 00 00 00 00 00 00 00 [0E] 00 03 03 00 18 02 03
0x09, prev: 0x00: 16 02 01 00 09 47 00 00 32 B2 0E 00 00 00 00 00 00 00 00 00 00 00 00 00 00 00 00 00 00 00 00 00 00 00 00 00 [09] 00
0x00, prev: 0x02: 16 02 01 00 6E 44 00 00 41 BD 00 00 00 00 00 00 00 00 00 00 00 00 00 00 00 00 00 00 00 00 00 00 00 00 00 00 02 [00]
0x0F, prev: 0x00: 16 02 01 00 01 5B 00 00 DA 82 0F 00 00 00 00 00 00 00 00 00 00 00 00 00 00 00 00 00 00 00 00 00 00 00 00 00 [0F] 00
General information
- name: BNet
- type: Ladder team game (AT/RT)
- host: Battle.net
- saver: I_Love_Man_Butt
map: Highperch
- players: 6
- length: 58:21
- speed: Fast
- version: 1.23 W3XP
- replay type: Public
» download(300 KB)
Players
team 1 (winner)
cum.2ez (
green | 83 APM | 4856 actions | 58:20)
4 Archmage
2 Blizzard
2 Brilliance Aura
4 Blood Mage
2 Flame Strike
1 Siphon Mana
1 Banish
4 Paladin
2 Holy Light
2 Divine Shield
» actions
| Assign group hotkey | 52 | |
| Basic commands | 85 | |
| Build / train | 140 | |
| ESC pressed | 6 | |
| Enter build submenu | 71 | |
| Enter hero's abilities submenu | 12 | |
| Give item / drop item | 5 | |
| Right click | 1871 | |
| Select / deselect | 470 | |
| Select group hotkey | 1699 | |
| Use ability | 444 | |
4856 total
» units
| Peasant | 20 | |
| Priest | 5 | |
| Sorceress | 2 | |
| Dragonhawk Rider | 10 | |
| Gryphon Rider | 5 | |
42 total
» upgrades
| Masonry | 3 | |
| Magic Sentry | 1 | |
| Sorceress Training | 2 | |
| Priest Training | 2 | |
| Swords | 3 | |
| Armor | 3 | |
| Animal War Training | 1 | |
| Cloud | 1 | |
| Storm Hammers | 1 | |
17 total
» buildings
| Altar of Kings | 1 | |
| Farm | 14 | |
| Lumber Mill | 2 | |
| Scout Tower | 48 | |
| Arcane Tower | 7 | |
| Guard Tower | 20 | |
| Keep | 1 | |
| Town Hall | 1 | |
| Castle | 3 | |
| Arcane Sanctum | 1 | |
| Arcane Vault | 2 | |
| Barracks | 1 | |
| Blacksmith | 1 | |
| Gryphon Aviary | 2 | |
104 total
» build order
00:12 Altar of Kings
00:21 Farm
00:50 Lumber Mill
00:57 Lumber Mill
01:02 Farm
01:10 Scout Tower
01:27 Farm
01:34 Scout Tower
01:37 Arcane Tower
01:38 Arcane Tower
02:03 Scout Tower
02:04 Guard Tower
02:22 Scout Tower
02:32 Guard Tower
02:33 Scout Tower
02:35 Scout Tower
02:53 Guard Tower
02:54 Scout Tower
02:55 Scout Tower
03:22 Guard Tower
03:43 Keep
03:48 Scout Tower
03:49 Scout Tower
03:57 Scout Tower
04:02 Guard Tower
04:05 Scout Tower
04:05 Scout Tower
04:22 Scout Tower
04:24 Scout Tower
04:35 Guard Tower
04:37 Scout Tower
04:38 Scout Tower
04:42 Scout Tower
05:35 Guard Tower
05:45 Town Hall
05:49 Scout Tower
05:49 Scout Tower
06:28 Guard Tower
06:29 Scout Tower
06:30 Scout Tower
06:41 Castle
06:41 Castle
08:01 Guard Tower
08:19 Arcane Sanctum
08:49 Guard Tower
09:17 Farm
09:17 Farm
10:42 Scout Tower
10:43 Scout Tower
10:43 Scout Tower
11:35 Guard Tower
11:38 Scout Tower
11:39 Scout Tower
11:39 Scout Tower
12:34 Guard Tower
13:20 Farm
13:38 Arcane Vault
13:39 Arcane Vault
13:41 Scout Tower
13:43 Scout Tower
14:19 Guard Tower
14:29 Scout Tower
14:29 Scout Tower
15:47 Scout Tower
17:23 Scout Tower
17:24 Scout Tower
17:24 Scout Tower
18:13 Guard Tower
18:15 Scout Tower
18:16 Scout Tower
18:17 Scout Tower
18:17 Scout Tower
19:13 Guard Tower
19:13 Guard Tower
19:55 Scout Tower
19:58 Scout Tower
19:58 Scout Tower
19:59 Scout Tower
21:52 Scout Tower
21:53 Scout Tower
21:53 Scout Tower
21:54 Scout Tower
22:05 Arcane Tower
22:47 Arcane Tower
22:55 Arcane Tower
35:03 Barracks
35:04 Blacksmith
35:06 Gryphon Aviary
35:08 Gryphon Aviary
38:14 Farm
38:15 Farm
38:18 Farm
38:19 Farm
38:42 Farm
38:43 Farm
38:48 Farm
39:28 Farm
» items
| Boots of Speed | 3 | |
| Staff of Teleportation | 3 | |
| Circlet of Nobility | 3 | |
| Healing Salve | 5 | |
| Potion of Healing | 3 | |
| Potion of Mana | 1 | |
| Lesser Clarity Potion | 5 | |
| Scroll of Speed | 1 | |
| Orb of Lightning | 3 | |
| Staff of Sanctuary | 3 | |
30 total
FiSHDONTBOUNCE (
pink | 73 APM | 4250 actions | 58:20)
6 Blademaster
3 Wind Walk
2 Critical Strike
1 Bladestorm
» actions
| Assign group hotkey | 55 | |
| Basic commands | 68 | |
| Build / train | 86 | |
| ESC pressed | 3 | |
| Enter build submenu | 23 | |
| Enter hero's abilities submenu | 6 | |
| Give item / drop item | 1 | |
| Right click | 1693 | |
| Select / deselect | 396 | |
| Select group hotkey | 1751 | |
| Use ability | 168 | |
4250 total
» units
| Peon | 8 | |
| Troll Batrider | 19 | |
| Razormane Medicine Man | 1 | |
| Centaur Outrunner | 1 | |
| Shaman | 6 | |
| Wind Rider | 12 | |
47 total
» upgrades
| Liquid Fire | 1 | |
| Shaman Training | 2 | |
| Envenomed Spears | 1 | |
| Armor | 3 | |
| Ranged Weapons | 3 | |
10 total
» buildings
| Altar of Storms | 1 | |
| Orc Burrow | 9 | |
| Voodoo Lounge | 2 | |
| War Mill | 1 | |
| Stronghold | 1 | |
| Beastiary | 2 | |
| Fortress | 1 | |
| Watch Tower | 3 | |
| Spirit Lodge | 2 | |
22 total
» build order
00:06 Altar of Storms
00:16 Orc Burrow
00:50 Voodoo Lounge
01:35 Orc Burrow
02:04 War Mill
03:18 Stronghold
05:53 Beastiary
06:35 Beastiary
06:53 Voodoo Lounge
09:04 Orc Burrow
09:10 Orc Burrow
10:01 Orc Burrow
14:56 Fortress
22:44 Watch Tower
22:45 Watch Tower
22:46 Watch Tower
37:59 Spirit Lodge
38:14 Spirit Lodge
47:38 Orc Burrow
47:39 Orc Burrow
49:28 Orc Burrow
49:29 Orc Burrow
» items
| Healing Salve | 7 | |
| Circlet of Nobility | 1 | |
| Lesser Clarity Potion | 7 | |
| Potion of Healing | 3 | |
| Orb of Lightning | 1 | |
| Staff of Teleportation | 1 | |
20 total
I_Love_Man_Butt (
blue | 37 APM | 2176 actions | 58:21)
6 Blademaster
3 Wind Walk
2 Critical Strike
1 Bladestorm
1 Goblin Tinker
1 Pocket Factory
» actions
| Assign group hotkey | 19 | |
| Basic commands | 111 | |
| Build / train | 105 | |
| ESC pressed | 4 | |
| Enter build submenu | 110 | |
| Enter hero's abilities submenu | 7 | |
| Give item / drop item | 6 | |
| Right click | 655 | |
| Select / deselect | 440 | |
| Select group hotkey | 459 | |
| Use ability | 259 | |
2176 total
» units
| Peon | 27 | |
| Troll Batrider | 14 | |
| Spirit Walker | 1 | |
| Wind Rider | 9 | |
51 total
» upgrades
| Ranged Weapons | 3 | |
| Liquid Fire | 1 | |
| Spiked Barricades | 3 | |
| Reinforced Defenses | 1 | |
| Armor | 3 | |
| Envenomed Spears | 1 | |
| Ensnare | 1 | |
| War Drums Damage Increase | 1 | |
| Shaman Training | 2 | |
| Witch Doctor Training | 2 | |
| Spirit Walker Training | 2 | |
| Pillage | 1 | |
| Backpack | 1 | |
| Melee Weapons | 3 | |
| Pulverize | 1 | |
26 total
» buildings
| Altar of Storms | 1 | |
| Orc Burrow | 7 | |
| War Mill | 1 | |
| Watch Tower | 80 | |
| Stronghold | 1 | |
| Voodoo Lounge | 1 | |
| Fortress | 1 | |
| Beastiary | 7 | |
| Great Hall | 3 | |
| Spirit Lodge | 2 | |
| Tauren Totem | 1 | |
105 total
» build order
00:07 Altar of Storms
00:17 Orc Burrow
00:28 War Mill
01:41 Watch Tower
01:48 Orc Burrow
02:20 Watch Tower
02:57 Watch Tower
03:02 Watch Tower
03:03 Watch Tower
03:34 Watch Tower
03:48 Watch Tower
04:16 Watch Tower
04:17 Watch Tower
04:18 Stronghold
04:37 Voodoo Lounge
04:57 Watch Tower
05:19 Watch Tower
05:22 Watch Tower
06:03 Watch Tower
06:07 Watch Tower
06:09 Watch Tower
07:13 Watch Tower
07:37 Fortress
07:39 Beastiary
07:40 Beastiary
07:51 Orc Burrow
07:53 Orc Burrow
09:08 Watch Tower
09:09 Watch Tower
09:10 Watch Tower
09:12 Watch Tower
09:22 Beastiary
10:31 Watch Tower
10:31 Watch Tower
11:38 Great Hall
11:49 Watch Tower
11:59 Watch Tower
13:24 Watch Tower
13:35 Watch Tower
15:45 Watch Tower
15:45 Watch Tower
15:46 Watch Tower
16:13 Watch Tower
16:13 Watch Tower
16:14 Watch Tower
18:40 Watch Tower
18:44 Watch Tower
18:45 Watch Tower
18:49 Watch Tower
20:40 Watch Tower
21:49 Watch Tower
21:50 Watch Tower
21:51 Watch Tower
21:52 Watch Tower
21:54 Watch Tower
21:55 Watch Tower
22:48 Watch Tower
23:18 Watch Tower
23:21 Watch Tower
23:35 Watch Tower
23:38 Watch Tower
25:57 Watch Tower
25:58 Watch Tower
26:01 Watch Tower
26:05 Watch Tower
26:07 Watch Tower
26:08 Watch Tower
26:09 Watch Tower
26:46 Watch Tower
27:17 Watch Tower
27:18 Watch Tower
27:20 Watch Tower
27:21 Watch Tower
27:29 Great Hall
27:32 Watch Tower
27:38 Watch Tower
27:39 Watch Tower
27:48 Watch Tower
28:11 Watch Tower
28:14 Watch Tower
28:28 Watch Tower
28:29 Watch Tower
28:33 Watch Tower
28:54 Watch Tower
29:37 Watch Tower
30:24 Watch Tower
30:50 Watch Tower
31:11 Watch Tower
31:13 Watch Tower
31:28 Watch Tower
32:37 Great Hall
32:42 Watch Tower
33:37 Orc Burrow
33:38 Orc Burrow
33:40 Orc Burrow
34:00 Watch Tower
34:03 Watch Tower
34:08 Watch Tower
35:18 Beastiary
35:21 Beastiary
35:57 Beastiary
35:58 Beastiary
37:34 Spirit Lodge
37:40 Spirit Lodge
44:01 Tauren Totem
» items
| Staff of Teleportation | 2 | |
| Boots of Speed | 1 | |
| Dust of Appearance | 1 | |
| Lesser Clarity Potion | 8 | |
| Healing Salve | 3 | |
| Orb of Lightning | 1 | |
16 total
team 2 (loser)
AndyPower (
teal | 99 APM | 1669 actions | 16:53)
3 Priestess of the Moon
1 Searing Arrows
2 Trueshot Aura
» actions
| Assign group hotkey | 11 | |
| Basic commands | 96 | |
| Build / train | 42 | |
| ESC pressed | 1 | |
| Enter build submenu | 18 | |
| Enter hero's abilities submenu | 4 | |
| Right click | 526 | |
| Select / deselect | 270 | |
| Select group hotkey | 659 | |
| Use ability | 42 | |
1669 total
» units
| Wisp | 24 | |
| Huntress | 4 | |
| Glaive Thrower | 4 | |
| Archer | 2 | |
34 total
» upgrades
| Vorpal Blades | 1 | |
| Strength of the Moon | 1 | |
2 total
» buildings
| Altar of Elders | 1 | |
| Moon Well | 5 | |
| Ancient of War | 3 | |
| Hunter's Hall | 1 | |
| Tree of Ages | 2 | |
| Ancient Protector | 5 | |
17 total
» build order
00:04 Altar of Elders
00:09 Moon Well
01:50 Ancient of War
01:51 Ancient of War
01:55 Ancient of War
02:20 Hunter's Hall
02:42 Moon Well
04:28 Moon Well
05:21 Moon Well
08:07 Tree of Ages
08:07 Tree of Ages
10:05 Moon Well
12:03 Ancient Protector
15:07 Ancient Protector
15:09 Ancient Protector
15:12 Ancient Protector
15:15 Ancient Protector
BallinATL (
orange | 30 APM | 1759 actions | 58:20)
3 Death Knight
2 Death Coil
1 Unholy Aura
3 Dreadlord
2 Sleep
1 Vampiric Aura
» actions
| Basic commands | 57 | |
| Build / train | 86 | |
| Enter build submenu | 30 | |
| Enter hero's abilities submenu | 6 | |
| Give item / drop item | 3 | |
| Remove unit from queue | 8 | |
| Right click | 988 | |
| Select / deselect | 473 | |
| Use ability | 108 | |
1759 total
» units
| Acolyte | 12 | |
| Ghoul | 3 | |
| Crypt Fiend | 9 | |
| Wisp | 9 | |
| Gargoyle | 2 | |
35 total
» upgrades
| Web | 1 | |
| Creature Attack | 2 | |
| Creature Carapace | 1 | |
| Stone Form | 1 | |
5 total
» buildings
| Graveyard | 1 | |
| Crypt | 1 | |
| Altar of Darkness | 1 | |
| Ziggurat | 16 | |
| Tomb of Relics | 1 | |
| Nerubian Tower | 4 | |
| Halls of the Dead | 3 | |
| Sacrificial Pit | 1 | |
| Necropolis | 2 | |
| Spirit Tower | 10 | |
| Tree of Life | 1 | |
| Hunter's Hall | 1 | |
| Black Citadel | 1 | |
| Ancient Protector | 3 | |
| Altar of Elders | 1 | |
| Moon Well | 1 | |
48 total
» build order
00:13 Graveyard
00:19 Crypt
00:25 Altar of Darkness
00:48 Ziggurat
02:05 Ziggurat
02:48 Tomb of Relics
03:25 Nerubian Tower
06:26 Halls of the Dead
06:26 Halls of the Dead
06:27 Halls of the Dead
06:29 Ziggurat
06:30 Ziggurat
07:35 Ziggurat
07:36 Ziggurat
09:25 Sacrificial Pit
09:28 Ziggurat
10:47 Necropolis
12:01 Spirit Tower
12:02 Spirit Tower
12:05 Spirit Tower
12:41 Necropolis
14:29 Ziggurat
14:31 Ziggurat
14:40 Ziggurat
14:40 Ziggurat
15:24 Spirit Tower
15:25 Nerubian Tower
15:46 Nerubian Tower
15:48 Spirit Tower
19:13 Tree of Life
20:32 Ziggurat
21:23 Ziggurat
21:24 Ziggurat
21:24 Ziggurat
21:26 Ziggurat
23:11 Spirit Tower
23:12 Spirit Tower
23:14 Nerubian Tower
23:20 Spirit Tower
23:35 Hunter's Hall
24:05 Black Citadel
25:04 Ancient Protector
25:07 Ancient Protector
25:09 Ancient Protector
25:31 Spirit Tower
25:32 Spirit Tower
30:52 Altar of Elders
33:06 Moon Well
» items
| Dust of Appearance | 1 | |
| Rod of Necromancy | 2 | |
| Scroll of Town Portal | 4 | |
| Potion of Healing | 2 | |
| Orb of Corruption | 2 | |
11 total
HugeBalls (
red | 77 APM | 4486 actions | 58:20)
3 Blademaster
2 Wind Walk
1 Critical Strike
» actions
| Assign group hotkey | 165 | |
| Basic commands | 488 | |
| Build / train | 65 | |
| Enter build submenu | 88 | |
| Enter hero's abilities submenu | 3 | |
| Give item / drop item | 4 | |
| Remove unit from queue | 2 | |
| Right click | 1946 | |
| Select / deselect | 900 | |
| Select group hotkey | 649 | |
| Use ability | 176 | |
4486 total
» units
| Peon | 25 | |
| Grunt | 4 | |
| Demolisher | 7 | |
| Troll Batrider | 10 | |
46 total
» upgrades
» buildings
| Altar of Storms | 1 | |
| Orc Burrow | 7 | |
| Barracks | 3 | |
| War Mill | 2 | |
| Stronghold | 1 | |
| Voodoo Lounge | 2 | |
| Watch Tower | 55 | |
| Fortress | 1 | |
| Beastiary | 3 | |
75 total
» build order
00:05 Altar of Storms
00:12 Orc Burrow
00:36 Barracks
01:51 Orc Burrow
02:24 War Mill
03:14 Stronghold
03:45 Barracks
04:32 Orc Burrow
04:34 Voodoo Lounge
06:33 Orc Burrow
06:51 Watch Tower
06:55 Watch Tower
06:57 Watch Tower
07:04 Watch Tower
07:11 Watch Tower
08:26 Watch Tower
09:01 Voodoo Lounge
10:31 Watch Tower
10:45 Barracks
12:04 Watch Tower
12:07 Watch Tower
12:27 Watch Tower
12:29 Watch Tower
15:55 Fortress
17:29 Watch Tower
18:24 Beastiary
18:27 Beastiary
18:30 Beastiary
18:32 Orc Burrow
18:34 Orc Burrow
18:37 Orc Burrow
30:39 Watch Tower
30:44 Watch Tower
30:54 Watch Tower
31:08 Watch Tower
31:23 Watch Tower
31:38 Watch Tower
31:43 Watch Tower
31:49 Watch Tower
31:57 Watch Tower
32:10 Watch Tower
32:17 Watch Tower
32:23 Watch Tower
32:28 Watch Tower
32:47 Watch Tower
32:55 Watch Tower
33:06 Watch Tower
33:12 Watch Tower
33:16 Watch Tower
33:23 Watch Tower
33:39 Watch Tower
33:44 Watch Tower
33:59 Watch Tower
34:23 Watch Tower
34:31 Watch Tower
34:35 Watch Tower
34:54 Watch Tower
34:58 Watch Tower
36:12 War Mill
37:28 Watch Tower
37:36 Watch Tower
37:39 Watch Tower
37:40 Watch Tower
37:51 Watch Tower
37:53 Watch Tower
38:01 Watch Tower
39:59 Watch Tower
49:16 Watch Tower
49:21 Watch Tower
49:26 Watch Tower
49:40 Watch Tower
49:52 Watch Tower
50:22 Watch Tower
50:44 Watch Tower
50:48 Watch Tower
» items
| Healing Salve | 3 | |
| Lesser Clarity Potion | 3 | |
| Orb of Lightning | 1 | |
| Potion of Mana | 1 | |
| Tiny Great Hall | 1 | |
| Staff of Teleportation | 1 | |
10 total
Chat log
(00:07 / Allies) cum.2ez: ill tower right
(01:48 / All) cum.2ez: gl n hf
(01:51 / All) cum.2ez: all say gg to ensure good game
(01:52 / All) cum.2ez: GG
(01:57 / All) I_Love_Man_Butt: gl hf eta
(04:19 / Allies) cum.2ez: shops here are nice
(04:48 / Allies) FiSHDONTBOUNCE: salve
(05:58 / Allies) cum.2ez: creepe
(06:51 / Allies) cum.2ez: LOL
(07:25 / All) cum.2ez: nice hacks.
(09:03 / Allies) cum.2ez: more layers o tower :)
(11:29 / Allies) I_Love_Man_Butt: gold please
(13:45 / All) cum.2ez: dun stop now
(13:52 / All) AndyPower: this isnt fun
(13:55 / All) FiSHDONTBOUNCE: u guys r winning
(13:56 / All) cum.2ez: owned
(13:58 / All) FiSHDONTBOUNCE: keep it up
(15:52 / All) cum.2ez: whooopsie
(15:56 / All) cum.2ez: the problem is u didnt say gg
(15:59 / All) cum.2ez: so you didnt ensure a good game
(16:48 / Allies) FiSHDONTBOUNCE: hax
(17:03 / All) cum.2ez: bye
(17:05 / All) FiSHDONTBOUNCE: u guys r goin on my noob list
(18:27 / All) cum.2ez: |orange u go afk?
(18:49 / Allies) FiSHDONTBOUNCE: did i break the rules
(19:36 / All) cum.2ez: staff
(19:37 / All) cum.2ez: n
(19:38 / All) cum.2ez: laugh
(20:12 / All) HugeBalls: typical no skill strategy from nta trash
(20:13 / All) cum.2ez: so did teal get removed from the game i was afk
(20:17 / All) cum.2ez: or is he just alot smarter than u
(20:22 / All) FiSHDONTBOUNCE: hahahahaha
(20:23 / All) cum.2ez: hey
(20:24 / All) cum.2ez: this is clan LLJK
(20:25 / All) FiSHDONTBOUNCE: nta r all noobs
(20:26 / All) FiSHDONTBOUNCE: 4 sho
(20:32 / All) cum.2ez: Leit Liek Jeff K
(20:55 / Allies) cum.2ez: so
(21:06 / Allies) cum.2ez: i dont really pay attention or know anything about any sort of serious west scene
(21:38 / Allies) cum.2ez: also
(21:39 / Allies) cum.2ez: lagging real bad
(21:46 / Allies) cum.2ez: u might get 20 minutes of kunt chat soohn
(21:51 / Allies) FiSHDONTBOUNCE: nta is like
(21:56 / Allies) FiSHDONTBOUNCE: mainly noobs
(22:01 / Allies) FiSHDONTBOUNCE: but also a few good soloers
(22:11 / Allies) FiSHDONTBOUNCE: all the other clans died
(22:23 / All) cum.2ez: Omg.
(22:38 / All) cum.2ez: sorry about ur loss
(23:00 / All) FiSHDONTBOUNCE: why bother
(23:05 / All) FiSHDONTBOUNCE: ur just so bad
(23:21 / All) FiSHDONTBOUNCE: why dont u do skill strat like us
(25:08 / All) cum.2ez: 2ez
(25:21 / All) cum.2ez: nice base red
(26:21 / All) cum.2ez: FIshDOntMicfro
(26:34 / Allies) FiSHDONTBOUNCE: who needs micro when you have bats
(27:31 / Allies) FiSHDONTBOUNCE: how did i learn lvl 3 walk
(28:14 / All) cum.2ez: hey BallinATL
(28:21 / All) BallinATL: hi
(28:34 / All) cum.2ez: Just making sure u still here
(29:19 / All) cum.2ez: u guys are pretty lucky actually
(29:26 / All) cum.2ez: that you're so bad it only took you this long to loose
(30:16 / All) FiSHDONTBOUNCE: im going to bladestorm and kill all your fiends
(30:18 / All) FiSHDONTBOUNCE: is that ok
(31:39 / All) cum.2ez: LOLOL
(31:45 / All) cum.2ez: nice strat
(31:48 / All) cum.2ez: i bet u learned that from me
(31:59 / All) BallinATL: i know a trick or two of my own
(32:29 / All) cum.2ez: unfourtunately
(32:34 / All) cum.2ez: were not terrible like you
(32:39 / All) cum.2ez: so a perch isnt that hard to beat
(32:49 / All) cum.2ez: u coulda at least unsummoned ur buildings noob
(34:00 / Allies) cum.2ez: welp
(34:11 / All) FiSHDONTBOUNCE: i didnt no u cud mine gold from heal wells
(37:40 / All) cum.2ez: heh
(37:40 / Allies) FiSHDONTBOUNCE: ive only got 200g
(37:43 / All) cum.2ez: im seriously lolling
(38:00 / All) BallinATL: im sure you are
(38:08 / All) BallinATL: cmon bitch work for food
(38:21 / All) HugeBalls: i got all night long
(38:21 / All) HugeBalls: son
(38:27 / All) cum.2ez: never heard that one before
(38:29 / All) FiSHDONTBOUNCE: u got about
(38:32 / All) FiSHDONTBOUNCE: 5 mins
(38:34 / All) I_Love_Man_Butt: what's the longest you've ever stayed in a game?
(38:35 / All) FiSHDONTBOUNCE: enjoy it
(38:38 / All) cum.2ez: longest game so far is 72 hours or so
(38:43 / All) I_Love_Man_Butt: my record is 6 hours 30 minutes
(38:58 / All) BallinATL: i bet you wont make it past 2 hours
(39:04 / All) I_Love_Man_Butt: we're perfectly happy to sit on the ground with 10,000 towers and tab out
(39:18 / All) HugeBalls: im perfectly happy to sit up here
(39:21 / All) HugeBalls: and tab out
(39:24 / All) cum.2ez: kk
(39:25 / All) HugeBalls: hell im tired anyway
(44:17 / Allies) FiSHDONTBOUNCE: yea
(44:18 / Allies) FiSHDONTBOUNCE: knew he had one
(44:32 / All) BallinATL: Not the moon well
(44:35 / All) BallinATL: NOOO
(44:38 / All) cum.2ez: i thought u were tabbed out
(44:41 / All) FiSHDONTBOUNCE: not your only way to go down
(44:43 / All) FiSHDONTBOUNCE: nooooo
(44:48 / All) BallinATL: i never said i was gonna tab
(44:54 / All) BallinATL: ill sit here all night
(44:57 / All) BallinATL: and play
(45:08 / All) BallinATL: im not gonna afk or anything
(45:14 / All) BallinATL: ill give this full attention
(46:03 / All) BallinATL: so
(46:06 / All) BallinATL: how are you guys
(46:10 / All) cum.2ez: pretty good
(46:18 / All) cum.2ez: just had my end of year jazz concert!
(46:29 / All) BallinATL: oh yea what do you play
(46:34 / All) cum.2ez: SKIN FLUTE
(46:41 / All) BallinATL: nice
(46:50 / Allies) FiSHDONTBOUNCE: want me to make bats or wyv
(47:07 / All) BallinATL: i used to play that, but i got cold sores from play to many
(47:14 / All) cum.2ez: herpes*
(47:22 / All) BallinATL: if you please
(47:51 / All) BallinATL: i like the NBA
(50:24 / All) cum.2ez: my allies killing himself
(50:26 / All) cum.2ez: not sure what to do :(
(52:28 / All) cum.2ez: where da tech @
(54:02 / All) BallinATL: lol
(54:12 / Allies) FiSHDONTBOUNCE: gold mines almost done!
(54:15 / All) BallinATL: whats taking you so long
(54:22 / All) cum.2ez: watching naruto hentai
(54:29 / All) cum.2ez: on 2nd monitor
(56:06 / All) HugeBalls: i see your blade master
(56:08 / All) HugeBalls: down there
(56:17 / All) I_Love_Man_Butt: hi
(56:44 / All) cum.2ez: 2ez
(57:23 / All) cum.2ez: 2 e Z
(57:39 / All) BallinATL: lol damn
(57:48 / All) BallinATL: oh well you guys are fags
(57:54 / All) FiSHDONTBOUNCE: ur goin on my noob list
(58:00 / All) FiSHDONTBOUNCE: k
(58:01 / All) cum.2ez: ^^
(58:04 / All) BallinATL: proud to be there